 Dungeon Crawl Stone Soup version 0.20-a0-463-g5747544 (webtiles) character file.

821 Karnivor the Ruffian (level 7, -9/71 HPs)
             Began as a Troll Monk on Jan 10, 2017.
             Mangled by an orc warrior
             ... wielding a +0 halberd
              (15 damage)
             ... on level 6 of the Dungeon.
             The game lasted 00:13:55 (4844 turns).

Karnivor the Ruffian (Troll Monk)                   Turns: 4844, Time: 00:13:56

Health: -9/71      AC:  6    Str: 20    XL:     7   Next: 63%
Magic:  10/10      EV: 10    Int:  8    God:
Gold:   298        SH:  0    Dex: 12    Spells: 11/11 levels left

rFire  . . .     SeeInvis .       - Unarmed
rCold  . . .     Gourm    +     a - +0 robe
rNeg   . . .     Faith    .     (no shield)
rPois  .         Spirit   .     (helmet restricted)
rElec  .         Reflect  .     i - +0 cloak
rCorr  .         Harm     .     (gloves unavailable)
MR     .....                    (boots unavailable)
Stlth  ++........               (no amulet)
                                (no ring)
                                (no ring)

@: no status effects
A: unfitting armour, claws 3, fast metabolism 3, gourmand, regeneration 1,
shaggy fur 1, tough skin 2
a: no special abilities


You were on level 6 of the Dungeon.
You were completely stuffed.

You visited 1 branch of the dungeon, and saw 6 of its levels.

You collected 298 gold pieces.

Inventory:

Armour
 a - a +0 robe (worn)
 i - a +0 cloak (worn)
Scrolls
 c - 2 scrolls of remove curse
 d - a scroll of blinking {unknown}
 f - a scroll of teleportation
 k - a scroll of recharging {unknown}
 o - 5 scrolls of identify
Potions
 e - 2 potions of cancellation
 j - a potion of lignification
 l - a potion of invisibility
 p - a potion of heal wounds {unknown}
 q - a potion of curing
 r - a potion of berserk rage {unknown}
Comestibles
 b - 4 bread rations
 g - a beef jerky
 h - 2 fruits
 m - a royal jelly
 n - a meat ration
 s - 5 chunks of flesh


   Skills:
 + Level 4.9 Fighting
 - Level 2.4 Dodging
 - Level 1.0 Stealth
 + Level 5.9 Unarmed Combat
 + Level 2.7 Spellcasting


You had 11 spell levels left.
You didn't know any spells.

Dungeon Overview and Level Annotations

Branches:
Dungeon (6/15)
 Temple: D:4-7

Altars:
Qazlal


Innate Abilities, Weirdness & Mutations

You are too large for most types of armour.
You have claws for hands.
Your metabolism is lightning-fast.
You like to eat raw meat.
Your natural rate of healing is unusually fast.
You are covered in fur. (AC +1)
You have very tough skin. (AC +2)


Message History

The orc warrior is lightly wounded.
The orc warrior hits you with a halberd!!
You closely miss the orc warrior.
The orc warrior is lightly wounded.
You scratch the orc warrior but do no damage.
The orc warrior is lightly wounded.
The orc warrior hits you with a halberd.
You barely miss the orc warrior.
The orc warrior is lightly wounded.
The orc warrior hits you but does no damage.
You scratch the orc warrior.
The orc warrior is moderately wounded.
The orc warrior hits you with a halberd!!
* * * LOW HITPOINT WARNING * * *
You claw the orc warrior!
The orc warrior is almost dead.
You barely miss the orc warrior.
The orc warrior is almost dead.
The orc warrior hits you with a halberd!
You die...

....# #....# ....#
#....# ....# #....#
....# #....# ...(#
#....# ....####....#
#### ...o'..'....# #..#
....####....###### ####
##.# #####
#......oo@###..# #.#
##########<....######.#
#####......#.#
######.#.# #.#.# #.#.#
####.#.# #......#
########


You could see an orc warrior and an orc.

Vanquished Creatures
  The ghost of Astrith the Ruffian, an amateur DrMo of Okawaru (D:4)
  A centaur (D:6)
  A scorpion (D:4)
  A howler monkey (D:6)
  A crimson imp (D:6)
  3 hounds
  A bullfrog skeleton (D:5)
  A gnoll shaman (D:5)
  An iguana (D:5)
  2 orc wizards (D:4)
  A hound skeleton (D:6)
  3 gnolls (D:5)
  8 adders
  An ooze (D:1)
  An adder skeleton (D:5)
  4 worms (D:2)
  2 dart slugs
  3 leopard geckos
  8 orcs
  8 giant cockroaches
  6 hobgoblins
  14 jackals
  3 quokkas
  15 bats
  11 frilled lizards
  7 goblins
  7 kobolds
  5 rats
120 creatures vanquished.

Notes
Turn   | Place    | Note
-------+----------+-------------------------------------------
     0 | D:1      | Karnivor the Troll Monk began the quest for the Orb.
     0 | D:1      | Reached XP level 1. HP: 22/22 MP: 0/0
    73 | D:1      | Reached XP level 2. HP: 29/29 MP: 1/1
   434 | D:1      | Reached XP level 3. HP: 30/36 MP: 3/3
  1162 | D:2      | Reached skill level 1 in Spellcasting
  1162 | D:2      | Reached XP level 4. HP: 45/45 MP: 4/4
  1818 | D:3      | Reached skill level 4 in Unarmed Combat
  2432 | D:4      | Reached XP level 5. HP: 53/53 MP: 5/5
  2616 | D:4      | Noticed a hornet
  2616 | D:4      | Noticed an ogre
  2646 | D:4      | Noticed Astrith's ghost (amateur DrMo)
  2686 | D:4      | Killed Astrith's ghost
  2686 | D:4      | Reached XP level 6. HP: 19/62 MP: 7/7
  2871 | D:4      | Reached skill level 5 in Unarmed Combat
  3230 | D:5      | Entered Level 5 of the Dungeon
  3353 | D:5      | Found a stormy altar of Qazlal.
  3665 | D:5      | Reached XP level 7. HP: 68/71 MP: 9/9
  4844 | D:6      | Mangled by an orc warrior

Vault maps used:
D:1:      minmay_arrival_shoal_huts, hangedman_decor_growths
D:4:      minmay_misc_feat_secret_circle, corexii_shack, lightli_corner_chamber
D:5:      first_bread, nicolae_qazlal_eye_of_the_storm
D:6:      kennysheep_mini, fedhas_altar_4

Skill      XL: |  1  2  3  4  5  6 |
---------------+-------------------+-----
Fighting       | 3 4 |  4.9
Spellcasting   | 1 2 |  2.7
Unarmed Combat | 4 5 |  5.9
Dodging        | |  2.4
Stealth        | |  1.0

Action                   |  1- 3 |  4- 6 |  7- 9 || total
-------------------------+-------+-------+-------++-------
Melee: Unarmed           |   112 |   161 |    74 ||   347
       Punch             |     1 |     3 |     2 ||     6
  Use: Scroll            |       |     8 |       ||     8
       Potion            |       |     2 |       ||     2
 Stab: Sleeping          |     3 |     3 |     1 ||     7
       Distracted        |       |     1 |       ||     1
  Eat: Chunk             |    16 |    23 |    11 ||    50
Armor: Robe              |    52 |    40 |    18 ||   110
Dodge: Dodged            |    71 |    67 |    30 ||   168
